 Dungeon Crawl Stone Soup version 0.28-a0-906-g0406aca7d3 (webtiles) character file.

Game seed: 5855648489053166892

1806 bande the Chopper (level 9, -7/54 HPs)
             Began as a Gargoyle Fighter on Nov 24, 2021.
             Mangled by a wight (14 damage)
             ... on level 6 of the Dungeon.
             The game lasted 00:09:53 (7239 turns).

bande the Chopper (Gargoyle Fighter)                Turns: 7239, Time: 00:09:53

Health: -7/54      AC: 26    Str: 25    XL:     9   Next: 9%
Magic:  9/9        EV:  4    Int:  9    God:
Gold:   128        SH: 10    Dex:  9    Spells: 6/8 levels left

rFire   . . .      SeeInvis .   a - +1 war axe
rCold   . . .      Faith    .   c - +0 buckler
rNeg    + . .      Spirit   .   o - +0 crystal plate armour "Piulofoh" {Str+4 Dex-2}
rPois   ∞          Reflect  +   (no helmet)
rElec   +          Harm     .   g - +0 cloak
rCorr   .          Rampage  .   q - +0 pair of gloves
Will    +....                   (no boots)
Stlth   ..........              h - amulet of reflection
HPRegen 0.18/turn               e - ring of willpower
MPRegen 0.11/turn               (no ring)

@: no status effects
A: sickness immunity, AC +6, negative energy resistance 1, electricity
resistance, torment resistance 1, petrification resistance
a: no special abilities


You were on level 6 of the Dungeon.
You visited 1 branch of the dungeon, and saw 6 of its levels.
You also visited: Sewer.

You collected 128 gold pieces.

Inventory:

Hand Weapons
 a - a +1 war axe (weapon)
 n - a +0 flail
Armour
 c - a +0 buckler (worn)
 g - a +0 cloak (worn)
 o - the +0 crystal plate armour "Piulofoh" (worn) {Str+4 Dex-2}
   (You acquired it on level 5 of the Dungeon)

   Str:       It affects your strength (+4).
   Dex:       It affects your dexterity (-2).
 q - a +0 pair of gloves (worn)
Jewellery
 e - a ring of willpower (left hand)
 h - an amulet of reflection (around neck)
Scrolls
 b - 2 scrolls of amnesia
 l - a scroll of teleportation
 m - 4 scrolls of identify
Potions
 d - 2 potions of might
 f - 3 potions of flight
 i - 2 potions of curing
 j - 2 potions of heal wounds


   Skills:
 + Level 5.6 Fighting
 + Level 6.7 Axes
 + Level 6.2 Armour
 + Level 6.0 Shields
 * Level 3.7 Translocations


You had 6 spell levels left.
You knew the following spells:

 Your Spells              Type           Power      Damage    Failure   Level
a - Blink                 Tloc           12%        N/A       100%        2

Your spell library contained the following spells:

 Spells                   Type           Power      Damage    Failure   Level
 Summon Small Mammal      Summ           0%         N/A       100%        1
 Wereblood                Tmut           0%         N/A       100%        2
 Call Canine Familiar     Summ           0%         N/A       100%        3
 Lesser Beckoning         Tloc           6%         N/A       100%        3
 Summon Guardian Golem    Hex/Summ       0%         N/A       100%        3
 Manifold Assault         Tloc           6%         N/A       100%        5
 Summon Hydra             Summ           0%         N/A       100%        7
 Sublimation of Blood     Necr           Unusable   N/A       N/A         2

Dungeon Overview and Level Annotations

Branches:
Dungeon (6/15)              Sewer (visited)
 Temple: D:4-7

Altars:
Hepliaklqana
Xom

Shops:
D:6 :


Innate Abilities, Weirdness & Mutations

You are immune to sickness and miasma.
Your stone body is resilient. (AC +6)
You are immune to poison.
You resist negative energy. (rN+)
You are resistant to electric shocks. (rElec)
You are resistant to unholy torment.
You are immune to petrification.


Message History

Your Shields skill increases to level 6!
You hit the wight but do no damage.
The wight is moderately damaged.
You hit the wight but do no damage. You barely miss the wight.
The wight hits you but does no damage. The wight hits you with a +0 battleaxe.
The wight hits you with a +3 great sword!
You closely miss the wight.
The wight is moderately damaged.
You hit the wight. You hit the wight but do no damage.
The wight hits you but does no damage. You block the wight's attack.
The wight hits you but does no damage. x2
You hit the wight.
The wight is moderately damaged.
You hit the wight. You closely miss the wight.
The wight hits you but does no damage.
The wight hits you with a +3 great sword.
The wight hits you with a +0 morningstar!
You block the wight's attack.
You slash the wight!
The wight is severely damaged.
You closely miss the wight. x2
The wight hits you with a +3 great sword.
The wight barely misses you. The wight hits you with a +0 battleaxe.
The wight hits you with a +3 great sword!
* * * LOW HITPOINT WARNING * * *
You slash the wight!
You destroy the wight!
You hit the wight. You hit the wight but do no damage.
The wight hits you with a +0 morningstar!
* * * LOW HITPOINT WARNING * * *
You block the wight's attack. The wight hits you but does no damage.
You block the wight's attack.
Things that are here:
a +0 battleaxe; a +0 robe Unknown command.
You hit the wight.
The wight is moderately damaged.
You hit the wight but do no damage. The wight hits you but does no damage.
The wight hits you with a +3 great sword!
You die...

....... ##. .......
#..### ....... .
..... .......
#.#..#.#.....
#...#......#####
#.....#........####
......z@####......#
#.#..#z.#.........#
# #......8...<..##
#....).........#
#..$.....∩)....#
#..................
#..##..>...8.###...
#............# >.
##.##.....#### .


You could see 2 wights.

Vanquished Creatures
  Grinder (D:5)
  Eustachio (D:5)
  3 ogres
  A kobold brigand (Sewer)
  A scorpion (D:4)
  A wyvern skeleton (D:5)
  6 killer bees (D:4)
  2 water moccasin skeletons
  3 wights (D:6)
  2 jellies
  2 gnoll shamans (D:5)
  A centaur skeleton (D:5)
  An iguana (D:5)
  5 orc wizards
  A hound skeleton (D:4)
  7 gnolls
  8 adders
  2 river rats (Sewer)
  2 adder skeletons
  A worm (D:3)
  12 orcs
  4 ball pythons
  6 bats
  7 endoplasms
  7 giant cockroaches
  4 goblins
  6 hobgoblins
  5 jackals
  4 quokkas
  4 frilled lizards
  8 kobolds
  2 rats
120 creatures vanquished.

Vanquished Creatures (others)
  An orc wizard (D:3)
1 creature vanquished.

Grand Total: 121 creatures vanquished

Notes
Turn   | Place    | Note
-------+----------+-------------------------------------------
     0 | D:1      | bande the Gargoyle Fighter began the quest for the Orb.
     0 | D:1      | Reached XP level 1. HP: 14/14 MP: 1/1
   408 | D:1      | Reached XP level 2. HP: 19/19 MP: 2/2
   821 | D:1      | Reached XP level 3. HP: 24/24 MP: 3/3
  1118 | D:2      | Found a faded altar of an unknown god.
  1874 | D:3      | Reached XP level 4. HP: 28/29 MP: 4/4
  1909 | D:3      | Reached XP level 5. HP: 16/33 MP: 5/5
  2208 | D:3      | Found a glowing drain.
  2241 | Sewer    | Entered a sewer
  2365 | Sewer    | Noticed a kobold brigand
  2381 | Sewer    | Killed a kobold brigand
  2382 | Sewer    | Reached XP level 6. HP: 26/39 MP: 6/6
  2697 | Sewer    | Found a white marble altar of Elyvilon.
  3009 | D:3      | Learned a level 2 spell: Blink
  3494 | D:4      | Reached skill level 1 in Translocations
  3502 | D:4      | Reached XP level 7. HP: 24/44 MP: 7/7
  3706 | D:4      | Reached skill level 5 in Axes
  3713 | D:4      | Reached skill level 5 in Armour
  3773 | D:4      | Reached skill level 5 in Fighting
  4248 | D:4      | Reached XP level 8. HP: 43/49 MP: 8/8
  4370 | D:3      | Found a faded altar of an unknown god.
  4372 | D:3      | Found a faded altar of an unknown god.
  4372 | D:3      | Found a hazy altar of Hepliaklqana.
  4446 | D:3      | Found a shimmering altar of Xom.
  4447 | D:3      | Found a shimmering altar of Xom.
  4449 | D:3      | Found a shimmering altar of Xom.
  5077 | D:5      | Entered Level 5 of the Dungeon
  5215 | D:5      | Noticed Eustachio
  5733 | D:5      | Killed Eustachio
  5734 | D:5      | Reached skill level 5 in Shields
  5899 | D:5      | Noticed Grinder
  5919 | D:5      | Killed Grinder
  6437 | D:5      | Identified a scroll of acquirement
  6437 | D:5      | Acquired the +0 crystal plate armour "Piulofoh" {Str+4
                  | Dex-2}
  6837 | D:6      | Found Ofot's Book Boutique.
  6849 | D:5      | Reached XP level 9. HP: 47/54 MP: 9/9
  7239 | D:6      | Mangled by a wight

Illustrated notes

Levels and vault maps discovered:
D:1:      eino_arrival_cavern_a, layout_loops_ring, minmay_misc_feat_plants,
          ebering_dispersal_statue_hall, minmay_tetromino_t2
D:2:      layout_basic, ebering_ecumenical_altar_sacrificial
D:3:      layout_basic, xom_redecorated,
          nicolae_hepliaklqana_ecumenical_no_more, portal_sewer_entry_f
D:4:      layout_basic
D:5:      layout_rooms, uniq_eustachio, uniq_grinder
D:6:      minmay_angry_zag, layout_rooms,
          grunt_temple_overflow_growth_and_decay,
          minmay_temple_entry_drinking_statues, serial_shops,
          nicolae_stop_n_shop_1

Skill      XL: |  1  2  3  4  5  6  7  8  9 |
---------------+----------------------------+-----
Axes           | 2 3 4 5 6 |  6.7
Fighting       | 4 5 |  5.6
Armour         | 4 5 6 |  6.2
Shields        | 4 5 6 |  6.0
Translocations | 1 2 3 |  3.7

Action                   |  1- 3 |  4- 6 |  7- 9 || total
-------------------------+-------+-------+-------++-------
Melee: War axe           |   108 |   126 |   264 ||   498
  Use: Scroll            |     6 |     2 |     3 ||    11
       Potion            |       |       |     6 ||     6
Armor: Scale mail        |    14 |       |       ||    14
       Chain mail        |    67 |    77 |   199 ||   343
       Crystal plate arm |       |       |    32 ||    32
Dodge: Dodged            |    56 |    45 |   115 ||   216
Block: Buckler           |    23 |    35 |   219 ||   277
       Reflection        |       |     1 |     1 ||     2

Table legend: (Time is in decaauts)
 A = Elapsed time spent in this place.
 B = Non-inter-level travel time spent in this place.
 C = Inter-level travel time spent in this place.
 D = Time resting spent in this place.
 E = Time spent auto-exploring this place.
 F = Levels seen in this place.
 G = Mean time per level.
                   A        B        C        D        E       F      G
               +--------+--------+--------+--------+--------+-----+--------+
         Total |   7415 |   7413 |      2 |   1828 |   4118 |   7 | 1059.3 |
       Dungeon |   6882 |   6880 |      2 |   1535 |   3947 |   6 | 1147.0 |
         Sewer |    533 |    533 |      0 |    293 |    171 |   1 |  533.0 |
               +--------+--------+--------+--------+--------+-----+--------+

Top non-repeatable levels by time:
     D:4: 1944 daAuts
     D:5: 1628 daAuts
     D:3: 1176 daAuts
     D:1: 1044 daAuts
     D:2: 971 daAuts
   Sewer: 533 daAuts
     D:6: 116 daAuts
